 Dungeon Sprint DCSS version 0.30-a0-304-gdc4b735fe1 (webtiles) character file.

Game seed: 11674807023458784879

0 Low2 the Firebug (level 1, 0/14 HPs)
             Began as a Draconian Fire Elementalist on Oct 20, 2022.
             Slain by Ijyb
             ... wielding a +1 dagger of protection
              (4 damage)
             ... in the Dungeon (Sprint I: "Red Sonja").
             The game lasted 00:00:19 (27 turns).

Low2 the Firebug (Draconian Fire Elementalist)        Turns: 27, Time: 00:00:20

Health: 0/14       AC:  5    Str: 10    XL:     1   Next: 0%
Magic:  1/3        EV: 18    Int: 15    God:
Gold:   0          SH:  0    Dex: 11    Spells: 3/4 levels left

rFire   + + .      SeeInvis .    (weapon currently unavailable)
rCold   + + .      Faith    .    (shield currently unavailable)
rNeg    + + +      Spirit   .    (body armour unavailable)
rPois   ∞          Reflect  .    (helmet currently unavailable)
rElec   +          Harm     .    (cloak currently unavailable)
rCorr   +          Rampage  .    (gloves currently unavailable)
Will    .....      NoTele   +    (boots currently unavailable)
Stlth   ++........               (amulet currently unavailable)
HPRegen 0.22/turn                (ring currently unavailable)
MPRegen 0.08/turn                (ring currently unavailable)

@: wisp-form, on berserk cooldown, flying, slowed, very slow
A: insubstantial, flying, no casting, AC +4, tiny, unfitting armour,
(cold-blooded)
a: no special abilities


You were in the Dungeon.
You were an insubstantial wisp.
You visited 1 branch

Inventory:

Scrolls
 f - a scroll of blinking
Potions
 a - 3 potions of magic
 b - a potion of curing
 c - a potion of heal wounds
 d - a potion of haste


   Skills:
 + Level 1.7 Dodging
 + Level 1.7 Stealth
 + Level 2.0 Spellcasting
 + Level 1.0 Conjurations
 + Level 3.0 Fire Magic


You had 3 spell levels left.
You knew the following spells:

 Your Spells              Type           Power      Damage    Failure   Level
a - Foxfire               Conj/Fire      28%        2x1d5     10%         1

Your spell library contained the following spells:

 Spells                   Type           Power      Damage    Failure   Level
 Scorch                   Fire           20%        2d6       10%         2
 Inner Flame              Hex/Fire       6%         N/A       34%         3
 Kindle Blastsparks       Fire/Tloc/Air  8%         2d10      41%         3
 Flame Wave               Conj/Fire      7%         2d5       67%         4


Dungeon Overview and Level Annotations

Branches:
Dungeon (1/1)

Altars:

Annotations:
D Ijyb


Innate Abilities, Weirdness & Mutations

You are an insubstantial wisp.
Your tiny insubstantial body is highly resistant to most damage types.
You are flying.
Your equipment is entirely melded.
You are incapable of wielding weapons or throwing items.
You cannot cast spells.
((Your plain brown scales are hard. (AC +4)))
You cannot fit into any form of body armour.
((You are cold-blooded and may be slowed by cold attacks.))


Message History

Your magical contamination has completely faded away.
You hit Ijyb but do no damage.
Ijyb hits you with a +1 dagger of protection.
You hit Ijyb but do no damage. You barely miss Ijyb.
Ijyb hits you but does no damage.
You punch Ijyb!
Ijyb is moderately wounded.
Ijyb zaps a wand.
You turn into an insubstantial wisp.
You touch Ijyb but do no damage.
Ijyb is moderately wounded.
You touch Ijyb but do no damage.
Ijyb is moderately wounded.
Ijyb hits you with a +1 dagger of protection.
You touch Ijyb but do no damage.
Ijyb is moderately wounded.
Ijyb hits you with a +1 dagger of protection.
You touch Ijyb.
Ijyb is heavily wounded.
You touch Ijyb but do no damage.
Ijyb is heavily wounded.
You are no longer berserk.
You are exhausted.
You feel yourself slow down.
Ijyb screams, "Die!"
Ijyb misses you.
You touch Ijyb but do no damage.
Ijyb is heavily wounded.
Ijyb misses you.
You touch Ijyb but do no damage.
Ijyb is heavily wounded.
Ijyb barely misses you. x2
You barely miss Ijyb.
Ijyb is heavily wounded.
Ijyb closely misses you.
You barely miss Ijyb.
Ijyb is heavily wounded.
Ijyb hits you with a +1 dagger of protection.
* * * LOW HITPOINT WARNING * * *
Ijyb hits you with a +1 dagger of protection.
You die...

#### ##
#<.#..+
#.vg..#
#..####
#..#
#..#
#..#
#⌠⌠#
####


You could see Ijyb.

Vanquished Creatures (others)
  3 foxfires (D)
3 creatures vanquished.

Notes
Turn   | Place    | Note
-------+----------+-------------------------------------------
     0 | D        | Low2 the Draconian Fire Elementalist began the quest for
                  | the Orb.
     0 | D        | Reached XP level 1. HP: 14/14 MP: 3/3
     2 | D        | Noticed Ijyb
    27 | D        | Slain by Ijyb

Illustrated notes

Levels and vault maps discovered:
D:        dungeon_sprint_1 [red_sonja_temple_1, red_sonja_temple_small_1]

Action                   || total
-------------------------++-------
Melee: Unarmed           ||    21
 Cast: Foxfire           ||     2
  Use: Potion            ||     1
Armor: Skin              ||     3
Dodge: Dodged            ||     8

Table legend: (Time is in decaauts)
 A = Elapsed time spent in this place.
 B = Non-inter-level travel time spent in this place.
 C = Inter-level travel time spent in this place.
 D = Time resting spent in this place.
 E = Time spent auto-exploring this place.
 F = Levels seen in this place.
 G = Mean time per level.
                   A        B        C        D        E       F      G
               +--------+--------+--------+--------+--------+-----+--------+
         Total |     22 |     22 |      0 |      0 |      0 |   1 |   22.0 |
       Dungeon |     22 |     22 |      0 |      0 |      0 |   1 |   22.0 |
               +--------+--------+--------+--------+--------+-----+--------+

Top non-repeatable levels by time:
       D: 22 daAuts
